 Dungeon Crawl Stone Soup version 0.29-a0-251-g80730f7218 (webtiles) character file.

Game seed: 7044597629468344556

6637 fragbeetle the Nimble (level 11, 0/76 HPs)
             Began as a Djinni Conjurer on Mar 6, 2022.
             Was a Believer of Ru.
             Killed by refrigeration
             ... invoked by Fannar
              (37 damage)
             ... on level 10 of the Dungeon.
             The game lasted 00:32:13 (14508 turns).

fragbeetle the Nimble (Djinni Conjurer)            Turns: 14508, Time: 00:32:13

Health: 0/76       AC: 14    Str:  8    XL:     11   Next: 22%
Gold:   480        EV: 14    Int: 23    God:    Ru [**....] SH:  0 Dex: 11

rFire   + + +      SeeInvis .   a - staff of fire
rCold   x . .      Faith    .   (shield unavailable)
rNeg    . . .      Spirit   .   I - +0 acid dragon scales
rPois   ∞          Reflect  .   h - +0 helmet
rElec   .          Harm     .   O - +0 cloak
rCorr   +          Rampage  .   q - +2 pair of gloves
Will    +....                   (boots unavailable)
Stlth   +.........              E - amulet of the acrobat
HPRegen 0.22/turn               (ring unavailable)
MPRegen 0.00/turn               K - ring of protection from fire

@: flying
A: sickness immunity, fire resistance 2, cold vulnerability 1, missing a hand,
float, innate caster, HP casting, extra vitality 1
a: Renounce Religion


You were on level 10 of the Dungeon.
You worshipped Ru.
Ru was pleased with you.
You visited 2 branches of the dungeon, and saw 12 of its levels.
You also visited: Ossuary.

You collected 480 gold pieces.

Inventory:

Hand Weapons
 b - a +3 hunting sling
 m - a +0 falchion
 w - a +0 short sword
Missiles
 d - 50 poisoned darts
 P - a curare-tipped dart
Armour
 h - a +0 helmet (worn)
 i - a +0 leather armour
 n - a +3 scale mail
 q - a +2 pair of gloves (worn)
 I - +0 acid dragon scales (worn)
 O - a +0 cloak (worn)
Magical Staves
 a - a staff of fire (weapon)
 k - a staff of death
 x - a staff of poison
Jewellery
 E - an amulet of the acrobat (around neck)
 G - a ring of positive energy
 K - a ring of protection from fire (right hand)
Wands
 o - a wand of polymorph (7)
 B - a wand of acid (5)
 J - a wand of flame (22)
 N - a wand of digging (2)
 Q - a wand of iceblast (5)
Scrolls
 g - 2 scrolls of teleportation
 s - 5 scrolls of fear
 t - 2 scrolls of holy word {unknown}
 v - a scroll of enchant armour {unknown}
 y - 2 scrolls of enchant weapon {unknown}
 A - a scroll of vulnerability {unknown}
 C - a scroll of magic mapping {unknown}
Potions
 c - 4 potions of attraction
 e - 9 potions of curing
 f - 4 potions of mutation {unknown}
 j - a potion of degeneration {unknown}
 l - 2 potions of experience {unknown}
 p - 2 potions of heal wounds {unknown}
 r - 2 potions of invisibility {unknown}
 u - 2 potions of cancellation {unknown}
 z - 2 potions of haste {unknown}
 D - 2 potions of resistance {unknown}
 F - a potion of might {unknown}
 H - a potion of berserk rage {unknown}
 L - a potion of magic {unknown}
Miscellaneous
 M - a tin of tremorstones (2/2)


   Skills:
 - Level 6.0 Fighting
 + Level 8.2 Armour
 - Level 10.0 Dodging
 - Level 1.5 Stealth
 - Level 8.0 Spellcasting


You couldn't memorise any spells.
You knew the following spells:

 Your Spells              Type           Power      Damage    Failure   Level
a - Magic Dart            Conj           100%       1d8       1%          1
b - Searing Ray           Conj           92%        2d7       1%          2
c - Dazzling Flash        Conj/Hex       92%        N/A       1%          3
d - Fulminant Prism       Conj/Hex       23%        3d13      4%          4
e - Iskenderun's Mystic   Conj/Tloc      46%        2d10      4%          4
f - Blink                 Tloc           92%        N/A       1%          2
g - Sticky Flame          Conj/Fire      62%        2d8       4%          4
h - Petrify               Tmut/Erth      46%        N/A       4%          4
q - Beastly Appendage     Tmut           92%        N/A       1%          1
w - Static Discharge      Conj/Air       46%        N/A       1%          2
Your spell library was empty.

Dungeon Overview and Level Annotations

Branches:
Dungeon (11/15)            Temple (1/1) D:7            Lair (0/6) D:9
Ossuary (visited)
    Orc: D:9-12

Altars:
Ashenzari
Cheibriados
Dithmenos
Elyvilon
Fedhas
Gozag
Hepliaklqana
Kikubaaqudgha
Makhleb
Nemelex Xobeh
Okawaru
Qazlal
Ru
Sif Muna
Trog
Uskayaw
Vehumet
Wu Jian
Xom
Yredelemnul
Zin
The Shining One

Annotations:
D:5 2 transporters
D:8 exclusion: orange crystal statue
D:10 exclusion: downstairs, Fannar


Innate Abilities, Weirdness & Mutations

You are immune to sickness and miasma.
You are immune to poison.
Your flesh is very heat resistant. (rF++)
You are vulnerable to cold. (rC-)
You are missing a hand.
You float through the air rather than walking.
You learn spells naturally, not from books.
Your magical power is your life essence.
You have superior vitality. (+4 MHP)


Message History

Aim: Fannar, wielding a +0 quarterstaff of freezing, wearing a +1 robe of cold resistance, wearing a ring of ice and carrying a wand of digging (3) (100% to hit)
You feel a surge of power!
The sticky flame hits Fannar!
Fannar is burned terribly!
Fannar is lightly wounded.
Fannar is covered in liquid flames!
Fannar burns!
The orc closely misses you. Fannar closely misses you.
Unknown command.
Casting: Sticky Flame (dangerous; 4% risk of failure)
Confirm with . or Enter, or press ? or * to list all spells.
The orc is struck by an arc of lightning!
You kill the orc!
You are struck by an arc of lightning.
Fannar is struck by an arc of lightning.
Fannar is moderately wounded.
The lightning grounds out.
Fannar is struck by an arc of lightning.
Fannar is moderately wounded.
You are struck by an arc of lightning.
Fannar is struck by an arc of lightning!
Fannar is heavily wounded.
You are struck by an arc of lightning.
The lightning grounds out.
Fannar burns!
Fannar hits you with a +0 quarterstaff of freezing.
Fannar freezes you.
Unknown command.
Casting: Static Discharge (safe; 1% risk of failure)
Confirm with . or Enter, or press ? or * to list all spells.
Fannar is struck by an arc of lightning!
Fannar is severely wounded.
The lightning grounds out.
Fannar burns!
Fannar casts a spell at you. The bolt of cold misses you.
Casting: Static Discharge (safe; 1% risk of failure)
Confirm with . or Enter, or press ? or * to list all spells.
Fannar is struck by an arc of lightning!
Fannar is almost dead.
You are struck by an arc of lightning.
The lightning grounds out.
Fannar burns!
Fannar gestures wildly while chanting.
Fannar drains the heat from the surrounding environment!
You feel a terrible chill!
You die...

#.....#...#.##.
#.....#...#.#..
####.....#...#.#..
#........#...#.'..
#........#...#.#..
#######..#...#.##.
#..#####..#.
#######.........#.
#@e.............#.
#)..............#.
#..<....#######.#.
#.......# #.##
#......># #...
#[......# #...
#.......# #...
######..#######...
#............


You could see Fannar (burning).

Vanquished Creatures
  Pikel (D:6)
  A hornet (D:7)
  Prince Ribbit (D:6)
  Sigmund (D:6)
  6 yaks
  3 wyverns
  A basilisk (D:9)
  Menkaure (D:4)
  A steam dragon (D:8)
  7 water moccasins
  3 acid dragons
  2 orc warriors (D:10)
  2 ice beasts
  2 sky beasts (D:5)
  3 ogres
  2 centaurs
  A phantom (D:6)
  A lemure (D:6)
  2 kobold brigands (D:10)
  3 bullfrogs
  An elf zombie (Ossuary)
  A necrophage (D:4)
  2 scorpions
  5 killer bees (D:8)
  A howler monkey (D:8)
  A human zombie (Ossuary)
  3 orc priests
  2 hounds
  2 iguanas
  13 orc wizards
  Natasha (thrice) (D:4)
  2 mummies (Ossuary)
  3 gnolls (D:4)
  6 adders
  2 shadow imps
  A white imp (D:7)
  An ufetubus (D:5)
  2 adder zombies (Ossuary)
  2 worms
  2 dart slugs
  38 orcs
  3 bats
  5 endoplasms
  2 giant cockroaches
  5 goblins
  8 hobgoblins
  6 jackals (D:1)
  2 quokkas (D:2)
  6 ball pythons
  5 frilled lizards
  2 goblin zombies (Ossuary)
  7 hobgoblin zombies (Ossuary)
  2 jackal zombies (Ossuary)
  17 kobolds
  16 kobold zombies (Ossuary)
  4 orc zombies (Ossuary)
  2 rats (D:2)
  A rat zombie (Ossuary)
230 creatures vanquished.

Vanquished Creatures (others)
  A centaur (D:9)
  A bush (D:9)
  42 fulminant prisms
  6 fungi (D:9)
  15 plants (D:9)
65 creatures vanquished.

Grand Total: 295 creatures vanquished

Notes
Turn   | Place    | Note
-------+----------+-------------------------------------------
     0 | D:1      | fragbeetle the Djinni Conjurer began the quest for the Orb.
     0 | D:1      | Reached XP level 1. HP: 15/15 MP: 0/0
   212 | D:1      | Reached XP level 2. HP: 18/22 MP: 0/0
   464 | D:1      | Reached skill level 1 in Fighting
   631 | D:1      | Reached XP level 3. HP: 22/27 MP: 0/0
   631 | D:1      | Learned a level 1 spell: Beastly Appendage
   854 | D:1      | Found a faded altar of an unknown god.
  1330 | D:2      | Reached XP level 4. HP: 16/32 MP: 0/0
  2690 | D:3      | Reached XP level 5. HP: 31/38 MP: 0/0
  2690 | D:3      | Learned a level 2 spell: Blink
  3533 | D:4      | Reached XP level 6. HP: 39/45 MP: 0/0
  3795 | D:4      | Reached skill level 5 in Spellcasting
  3909 | D:4      | Noticed Natasha
  3915 | D:4      | Killed Natasha
  4340 | D:4      | Noticed Menkaure
  4348 | D:4      | Killed Menkaure
  4349 | D:4      | Reached XP level 7. HP: 40/51 MP: 0/0
  4349 | D:4      | Learned a level 2 spell: Static Discharge
  4417 | D:4      | Found a shimmering altar of Xom.
  4423 | D:4      | Found a sacrificial altar of Ru.
  4426 | D:4      | Found a glowing golden altar of the Shining One.
  4426 | D:4      | Found an opulent altar of Gozag.
  4426 | D:4      | Noticed Natasha
  4429 | D:4      | Killed Natasha
  4434 | D:4      | Found an ornate altar of the Wu Jian Council.
  4453 | D:4      | Became a worshipper of Ru the Awakened
  4527 | D:4      | Noticed Natasha
  5010 | D:4      | Found a shimmering altar of Xom.
  5015 | D:4      | Found a sacrificial altar of Ru.
  5018 | D:4      | Found a glowing golden altar of the Shining One.
  5018 | D:4      | Found an opulent altar of Gozag.
  5025 | D:4      | Found an ornate altar of the Wu Jian Council.
  5247 | D:4      | Killed Natasha
  5451 | D:4      | Found a shimmering altar of Xom.
  5455 | D:4      | Found a sacrificial altar of Ru.
  5458 | D:4      | Found a glowing golden altar of the Shining One.
  5458 | D:4      | Found an opulent altar of Gozag.
  5465 | D:4      | Found an ornate altar of the Wu Jian Council.
  5617 | D:5      | Entered Level 5 of the Dungeon
  5648 | D:5      | Found an iron altar of Okawaru.
  5655 | D:5      | Found a transporter.
  5676 | D:5      | Found a transporter.
  5754 | D:5      | Reached skill level 5 in Fighting
  5754 | D:5      | Reached XP level 8. HP: 48/59 MP: 0/0
  7072 | D:6      | Found a shadowy altar of Dithmenos.
  7171 | D:6      | Noticed Pikel
  7227 | D:6      | Noticed Prince Ribbit
  7239 | D:6      | Killed Prince Ribbit
  7240 | D:6      | Reached XP level 9. HP: 29/66 MP: 0/0
  7240 | D:6      | Learned a level 4 spell: Sticky Flame
  7362 | D:6      | Gained mutation: You are missing a hand. [Ru sacrifice]
  7362 | D:6      | Reached * piety under Ru
  7362 | D:6      | Reached ** piety under Ru
  7369 | D:6      | Found a sand-covered staircase.
  7377 | Ossuary  | Entered an ossuary
  7918 | D:6      | Noticed Sigmund
  7928 | D:6      | Killed Sigmund
  7929 | D:6      | Reached skill level 3 in Dodging
  8135 | D:6      | Killed Pikel
  8136 | D:6      | Reached skill level 5 in Dodging
  8476 | D:6      | Found a bloodstained altar of Trog.
  8530 | D:7      | Reached skill level 6 in Dodging
  8578 | D:7      | Noticed a hornet
  8816 | D:7      | Reached skill level 7 in Dodging
  8862 | D:7      | Reached XP level 10. HP: 57/72 MP: 0/0
  8971 | D:7      | Reached skill level 8 in Dodging
  9375 | D:7      | Reached skill level 1 in Armour
 10106 | D:7      | Found a staircase to the Ecumenical Temple.
 10114 | Temple   | Entered the Ecumenical Temple
 10710 | D:8      | Reached skill level 9 in Dodging
 10797 | D:8      | Noticed an orange crystal statue
 10945 | D:8      | Found a snail-covered altar of Cheibriados.
 11796 | D:9      | Found a broken altar of Ashenzari.
 12196 | D:8      | Reached skill level 5 in Armour
 12200 | D:8      | Reached skill level 10 in Dodging
 12588 | D:9      | Reached XP level 11. HP: 66/76 MP: 0/0
 12588 | D:9      | Learned a level 4 spell: Petrify
 12699 | D:9      | Found a staircase to the Lair.
 13209 | D:9      | Found a hide-covered altar of Uskayaw.
 13316 | D:10     | Entered Level 10 of the Dungeon
 13960 | D:10     | Identified the +1 robe of the Lute {Contam rF+++ Int+3}
 14369 | D:11     | Noticed Fannar
 14508 | D:10     | Killed from afar by Fannar

Illustrated notes

Levels and vault maps discovered:
D:1:      eino_arrival_cavern_b, layout_basic,
          shapermc_ecumenical_altar_mp_urbaneastern
D:2:      layout_rooms, serial_aquarium, aquarium_bridge_square
          [aquarium_subvault_bridge, aquarium_subvault_wall,
          aquarium_subvault_bridge, aquarium_subvault_bridge],
          aquarium_window_1, aquarium_window_corridor_1, aquarium_window_fake,
          aquarium_window_fake, aquarium_view_2f, aquarium_view_2d,
          aquarium_balcony_3a
D:3:      layout_loops_ring, minmay_misc_feat_plants, minmay_unequal
D:4:      layout_loops_ring, kennysheep_mini_moat,
          nicolae_overflow_hallway_of_the_gods, hangedman_decor_riveting,
          uniq_natasha, uniq_menkaure
D:5:      gammafunk_steamed_eel, layout_basic, okawaru_metal_pillars_1_2
D:6:      layout_loops_ring, lightli_temple_of_fire, grunt_dithmenos_shadows,
          enter_ossuary_2, uniq_sigmund, uniq_prince_ribbit1, uniq_pikel
D:7:      layout_loops_ring, minmay_temple_entry_fiery
D:8:      minmay_statue_hallways, layout_loops_corners,
          mainiacjoe_overflow_alcove_4
D:9:      layout_irregular_city, vehumet_altar_wand_db,
          nicolae_uskayaw_dance_hall, nicolae_ashenzari_skybound,
          minmay_lair_entry_grove, kennysheep_generic_room_13
D:10:     layout_irregular_city
D:11:     layout_loops_cross, orc_0_dummy, minmay_st_funbox, uniq_fannar
Temple:   jpeg_temple_island

Skill      XL: |  1  2  3  4  5  6  7  8  9 10 11 |
---------------+----------------------------------+-----
Fighting       | 1 2 3 5 6 |  6.0
Spellcasting   | 4 5 6 7 8 |  8.0
Dodging        | 7 10 | 10.0
Armour         | 6 8 |  8.2
Stealth        | |  1.5

Action                   |  1- 3 |  4- 6 |  7- 9 | 10-12 || total
-------------------------+-------+-------+-------+-------++-------
Melee: Short sword       |     3 |    11 |    39 |    14 ||    67
       Headbutt          |       |     1 |       |       ||     1
       Staff             |       |       |       |    11 ||    11
 Fire: Hunting sling     |       |       |       |    14 ||    14
 Cast: Magic Dart        |    43 |    37 |    37 |    30 ||   147
       Searing Ray       |     8 |    24 |    40 |    42 ||   114
       Beastly Appendage |       |     1 |       |       ||     1
       Fulminant Prism   |       |     1 |    21 |    20 ||    42
       Iskenderun's Myst |       |       |     2 |     3 ||     5
       Static Discharge  |       |       |     1 |     5 ||     6
       Sticky Flame      |       |       |       |    13 ||    13
       Petrify           |       |       |       |     1 ||     1
Invok: Sacrifice a Hand  |       |       |     1 |       ||     1
       Reject Sacrifices |       |       |       |     1 ||     1
  Use: Scroll            |       |       |     4 |     3 ||     7
Armor: Robe              |     2 |     6 |    21 |       ||    29
       Leather armour    |       |       |       |     6 ||     6
       Acid dragon scale |       |       |       |     9 ||     9
Dodge: Dodged            |     8 |    20 |    46 |    83 ||   157

Table legend: (Time is in decaauts)
 A = Elapsed time spent in this place.
 B = Non-inter-level travel time spent in this place.
 C = Inter-level travel time spent in this place.
 D = Time resting spent in this place.
 E = Time spent auto-exploring this place.
 F = Levels seen in this place.
 G = Mean time per level.
                   A        B        C        D        E       F      G
               +--------+--------+--------+--------+--------+-----+--------+
         Total |  14522 |  14151 |    371 |   2254 |   9906 |  13 | 1117.1 |
       Dungeon |  13534 |  13199 |    335 |   2058 |   9424 |  11 | 1230.4 |
        Temple |    523 |    487 |     36 |      0 |    482 |   1 |  523.0 |
       Ossuary |    464 |    464 |      0 |    196 |      0 |   1 |  464.0 |
               +--------+--------+--------+--------+--------+-----+--------+

Top non-repeatable levels by time:
     D:4: 2325 daAuts
     D:8: 1485 daAuts
     D:5: 1433 daAuts
     D:7: 1399 daAuts
     D:2: 1296 daAuts
     D:6: 1236 daAuts
     D:1: 1207 daAuts
    D:10: 1196 daAuts
     D:9: 1162 daAuts
     D:3: 787 daAuts
  Temple: 523 daAuts
 Ossuary: 464 daAuts
    D:11: 4 daAuts
